 Dungeon Crawl Stone Soup version 0.17.2-1-ge4368a0 (webtiles) character file.

11241 ololoev the Cleaver (level 11, -6/114 (115) HPs)
             Began as a Demonspawn Berserker on July 26, 2016.
             Was a High Priest of Trog.
             Mangled by a troll (10 damage)
             ... on level 4 of the Orcish Mines on July 27, 2016.
             The game lasted 00:43:36 (5064 turns).

ololoev the Cleaver (Demonspawn Berserker)          Turns: 5064, Time: 00:43:36

HP:   -6/114 (115)  AC: 15    Str: 25    XL:     11   Next: 46%
MP:   0/20          EV: 11    Int: 10    God:    Trog [*****.]
Gold: 648           SH:  0    Dex: 12    Spells: 0 memorised, 10 levels left

rFire  . . .     SeeInvis .     N - +4 battleaxe (flame)
rCold  . . .     Clarity  .     v - +4 scale mail {rPois}
rNeg   . . .     SustAt   .     (shield currently unavailable)
rPois  +         Gourm    .     (helmet restricted)
rElec  .         Spirit   +     H - +0 cloak {MR+}
rCorr  .         Warding  .     D - +0 pair of gloves
rMut   .         Stasis   .     (no boots)
MR     ++...                    (no amulet)
Stlth  ..........               r - ring of protection from magic
                                j - ring of magical power

@: berserking, very quick, very resistant to hostile enchantments, extremely
unstealthy
A: horns 2, powered by death 2, regeneration 1, magic shield
a: Berserk, Trog's Hand, Brothers in Arms, Burn Spellbooks, Renounce Religion


Innate Abilities, Weirdness & Mutations

You have a pair of horns on your head.
You regenerate health from kills.
When hurt, damage is shared between your health and your magic reserves.
Your natural rate of healing is unusually fast.

Inventory:

Hand Weapons
 N - a +4 battleaxe of flaming (weapon)
Armour
 f - the +3 helmet of the Realm of Zot {rPois rCorr Int+4, unknown}
   (You found it on level 10 of the Dungeon)

   It affects your intelligence (+4).
   It protects you from poison.
   It protects you from acid and corrosion.
 n - a +2 chain mail of fire resistance
 v - a +4 scale mail of poison resistance (worn)
 D - a +0 pair of gloves (worn)
 H - a +0 cloak of magic resistance (worn)
 O - a +2 plate armour of cold resistance
Jewellery
 j - a ring of magical power (left hand)
 r - a ring of protection from magic (right hand)
Wands
 l - a wand of frost (15)
 L - a wand of fire (0)
Scrolls
 d - 2 scrolls of amnesia {unknown}
 i - a scroll of magic mapping {unknown}
 o - a scroll of brand weapon
 q - 3 scrolls of remove curse
 u - 4 scrolls of teleportation
 w - 2 scrolls of enchant weapon {unknown}
 y - a scroll of recharging {unknown}
 B - a scroll of noise {unknown}
 F - a scroll of enchant armour {unknown}
 G - a scroll of fear
 J - a scroll of identify
 K - a scroll of silence {unknown}
Potions
 e - a potion of magic {unknown}
 g - a potion of poison {unknown}
 h - a potion of beneficial mutation {unknown}
 k - a potion of degeneration {unknown}
 m - a potion of cure mutation
 s - a potion of heal wounds
 x - 5 potions of curing
 z - 2 potions of brilliance
 A - a potion of haste {unknown}
 C - 2 potions of flight {unknown}
 E - a potion of resistance {unknown}
Miscellaneous
 I - a sack of spiders {used: 2}
Comestibles
 b - 6 fruits
 c - 3 bread rations
 p - 4 meat rations


   Skills:
 + Level 4.2 Fighting
 * Level 13.3 Axes
 + Level 9.4 Armour
 + Level 3.3 Dodging


You had 10 spell levels left.
You didn't know any spells.


You were on level 4 of the Orcish Mines.
You worshipped Trog.
Trog was extremely pleased with you.
You were hungry.

You visited 2 branches of the dungeon, and saw 16 of its levels.
You also visited: Ossuary.

You collected 1005 gold pieces.
You spent 357 gold pieces at shops.

............##
##........
............#
##.#....#
............### #
###...#.
...........##.#.##
##.#.#
..................
##...
.................
##..
..........O.#.###
##..
........CTTO.##
###.#.
.......TO§@OO#
##.....


....OOOOTOOO.# #...... ....COOTOC#.## #...... ..O.#oOCOO#OO. #.....#.
...#.OoTO#..... #....### .∩...O..TT....... ##.## . .....o.... .... ## ## .......
.. ...# #

Notes
Turn   | Place    | Note
--------------------------------------------------------------
     0 | D:1      | ololoev the Demonspawn Berserker began the quest for the Orb.
     0 | D:1      | Reached XP level 1. HP: 18/18 MP: 1/1
    22 | D:1      | Gained mutation: You regenerate a little health from kills. [demonic ancestry]
    22 | D:1      | Reached XP level 2. HP: 12/24 MP: 2/2
   273 | D:1      | Reached ** piety under Trog
   324 | D:3      | Noticed ololoev's ghost (weakling DsBe)
   332 | D:3      | Killed ololoev's ghost
   332 | D:3      | Gained mutation: You regenerate health from kills. [demonic ancestry]
   332 | D:3      | Reached XP level 3. HP: 29/29 MP: 3/3
   355 | D:4      | Noticed an ogre
   495 | D:3      | Reached XP level 4. HP: 30/35 MP: 4/4
   545 | D:3      | Found a bloodstained altar of Trog.
   551 | D:3      | Reached skill level 4 in Axes
   697 | D:5      | Entered Level 5 of the Dungeon
   920 | D:5      | Reached XP level 5. HP: 29/41 MP: 5/5
   937 | D:5      | Found Diorupusch's Antique Armour Shoppe.
   942 | D:5      | Bought a shiny helmet for 99 gold pieces
   984 | D:5      | Found a sand-covered staircase.
  1005 | Ossuary  | Entered an ossuary
  1198 | Ossuary  | Reached skill level 5 in Axes
  1212 | Ossuary  | Gained mutation: When hurt, damage is shared between your health and your magic reserves. [demonic ancestry]
  1212 | Ossuary  | Reached XP level 6. HP: 47/47 MP: 6/6
  1382 | D:6      | Found an iron altar of Okawaru.
  1446 | D:5      | Reached skill level 6 in Axes
  1477 | D:4      | Gained mutation: You have a pair of small horns on your head. [demonic ancestry]
  1477 | D:4      | Reached XP level 7. HP: 48/52 MP: 7/7
  1496 | D:4      | Killed an ogre
  1503 | D:4      | Found a staircase to the Ecumenical Temple.
  1712 | D:5      | Bought a runed scale mail for 88 gold pieces
  1765 | D:6      | Reached skill level 7 in Axes
  1927 | D:7      | Reached skill level 5 in Armour
  1929 | D:7      | Reached XP level 8. HP: 58/58 MP: 8/8
  1932 | D:7      | Got an encrusted buckler
  1945 | D:7      | Identified the cursed -5 buckler of Supple Strength {rElec} (You took it off an orc wizard on level 7 of the Dungeon)
  1990 | D:7      | Found a basalt altar of Yredelemnul.
  2102 | D:7      | Reached skill level 8 in Axes
  2261 | D:7      | Found Zimulel's Weapon Shoppe.
  2376 | D:8      | Found Roimit's Magic Scroll Shop.
  2379 | D:8      | Bought a scroll of fear for 35 gold pieces
  2495 | D:7      | Found a stormy altar of Qazlal.
  2535 | D:9      | Reached *** piety under Trog
  2537 | D:9      | Noticed a troll
  2549 | D:9      | Killed a troll
  2553 | D:9      | Gained mutation: Your natural rate of healing is unusually fast. [mutagenic meat]
  2603 | D:9      | Reached skill level 9 in Axes
  2663 | D:9      | Reached XP level 9. HP: 63/63 MP: 8/9
  2807 | D:9      | Found a radiant altar of Vehumet.
  2834 | D:10     | Entered Level 10 of the Dungeon
  2909 | D:10     | Reached skill level 10 in Axes
  3045 | D:10     | Noticed Maurice
  3062 | D:10     | Reached **** piety under Trog
  3135 | D:10     | Killed an unseen horror
  3135 | D:10     | Reached skill level 11 in Axes
  3135 | D:10     | Reached XP level 10. HP: 22/70 MP: 7/10
  3145 | D:10     | Got a distressingly furry helmet
  3166 | D:10     | Killed Maurice
  3217 | D:10     | Noticed Grum
  3225 | D:10     | Killed Grum
  3384 | D:10     | Noticed Fannar
  3388 | D:10     | Found Eloleniu's Antique Armour Emporium.
  3392 | D:10     | Bought an embroidered cloak for 135 gold pieces
  3425 | D:10     | Killed Fannar
  3451 | D:10     | Noticed a hill giant
  3463 | D:10     | Killed a hill giant
  3463 | D:10     | Reached skill level 12 in Axes
  3498 | D:10     | Noticed an oklob plant
  3555 | D:10     | Found a staircase to the Lair.
  3617 | D:10     | Noticed Erolcha
  3624 | D:10     | Killed Erolcha
  3701 | D:10     | Killed an oklob plant
  3901 | D:11     | Noticed a cyclops
  3910 | D:11     | Killed a cyclops
  3910 | D:11     | Gained mutation: You have a pair of horns on your head. [demonic ancestry]
  3910 | D:11     | Reached XP level 11. HP: 74/74 MP: 11/11
  4005 | D:11     | Noticed a red ugly thing
  4013 | D:11     | Killed a red ugly thing
  4353 | D:10     | Found a staircase to the Orcish Mines.
  4370 | Orc:1    | Entered Level 1 of the Orcish Mines
  4392 | Orc:1    | Reached ***** piety under Trog
  4392 | Orc:1    | Reached skill level 13 in Axes
  4487 | Orc:1    | Found a roughly hewn altar of Beogh.
  4570 | Orc:2    | Received a gift from Trog
  4579 | Orc:2    | Found a burning altar of Makhleb.
  4742 | Orc:4    | Entered Level 4 of the Orcish Mines
  4779 | Orc:4    | Noticed pedritolo's ghost (novice SpEn)
  4787 | Orc:4    | Killed pedritolo's ghost
  5054 | Orc:4    | Found Nen Beon's Assorted Antiques.
  5054 | Orc:4    | Noticed a deep troll
  5054 | Orc:4    | Noticed an ogre mage
  5055 | Orc:4    | Noticed an ogre mage
  5056 | Orc:4    | Noticed a stone giant
  5057 | Orc:4    | Noticed a hill giant
  5059 | Orc:4    | Noticed a hill giant
  5060 | Orc:4    | Noticed a deep troll
  5063 | Orc:4    | Killed a deep troll
  5064 | Orc:4    | HP: 5/114 [troll (6)]
  5064 | Orc:4    | Mangled by a troll

Dungeon Overview and Level Annotations

Branches:
Dungeon (12/15)            Temple (0/1) D:4            Lair (0/8) D:10
    Orc (4/4) D:10
    Elf: Orc:3-4

Altars:
Makhleb
Okawaru
Qazlal
Trog
Vehumet
Yredelemnul
Beogh

Shops:
D:5 [   D:7 (   D:8 ?   D:10 [   Orc:4 *


Message History

You feel yourself moving faster!
You feel mighty!
You feel quite a bit more hungry.
The orc priest shouts!
The deep troll is engulfed in roaring flames.
The deep troll barely misses you. The deep troll claws you.
The deep troll closely misses you. The troll bites you but does no damage.
The troll claws you. x2
The ogre mage hits you but does no damage.
The troll pulls away from the web.
Unknown command.
Unknown command.
Unknown command.
You feel a strong urge to attack something.
The deep troll is engulfed in roaring flames.
You kill the deep troll!
Trog accepts your kill. The ogre barely misses you.
The troll closely misses you. The troll claws you but does no damage.
The troll claws you.
The two-headed ogre hits you with a giant club!
The two-headed ogre barely misses you. x2
The two-headed ogre closely misses you.
The ogre mage hits you but does no damage.
An orc comes into view. It is wielding a dagger.
Unknown command.
You hit the troll but do no damage.
The troll is lightly wounded.
You closely miss the troll.
You completely miss the two-headed ogre.
You slash the ogre! You burn the ogre.
The ogre is heavily wounded.
You hit the two-headed ogre. You burn the two-headed ogre.
The two-headed ogre is moderately wounded.
You hit the ogre mage. You burn the ogre mage.
The ogre mage is lightly wounded.
You barely miss the troll.
The troll is heavily wounded.
The troll bites you but does no damage. The troll closely misses you.
The troll claws you! The troll bites you but does no damage.
The troll claws you. The troll claws you!
You die...

You could see a stone giant, 2 hill giants, 2 ogre magi, a deep troll, a cyclops, 6 trolls, 6 two-headed ogres, 16 ogres, an orc priest and 2 orcs.

Vanquished Creatures
  Erolcha (D:10)
  A deep troll (Orc:4)
  An unseen horror (D:10)
  A hill giant (D:10)
  An orc knight (Orc:3)
  A cyclops (D:11)
  An oklob plant (D:10)
  A manticore (D:11)
  An ugly thing (D:11)
  A troll (D:9)
  Grum (D:10)
  A hippogriff (D:8)
  A steam dragon (D:10)
  A hungry ghost (D:11)
  2 wargs
  2 sky beasts
  A wolf (D:10)
  9 orc warriors
  A phantom (D:5)
  A black bear (D:9)
  An eye of draining (D:10)
  5 ogres
  2 centaurs
  2 necrophages
  A big kobold (D:10)
  2 giant frogs
  A water moccasin zombie (Ossuary)
  A scorpion (D:10)
  A water moccasin skeleton (D:9)
  10 killer bees
  3 crimson imps
  A giant frog zombie (D:10)
  2 centaur zombies
  2 jellies
  A gnoll shaman (D:10)
  14 orc wizards
  11 hounds
  2 giant frog skeletons (D:10)
  15 orc priests
  A centaur skeleton (D:10)
  A quasit (D:10)
  3 worker ants
  4 big kobold zombies (Ossuary)
  The ghost of ololoev the Chopper, a weakling DsBe of Trog (D:3)
  2 hound zombies
  A hound skeleton (D:6)
  2 mummies (Ossuary)
  A worker ant zombie (D:9)
  14 gnolls
  6 adders
  2 shadow imps
  3 oozes
  10 adder zombies (Ossuary)
  A worm (D:4)
  74 orcs
  3 giant cockroaches
  6 gnoll zombies (Ossuary)
  7 goblins
  A hobgoblin (D:1)
  5 jackals
  14 kobolds
  2 quokkas
  A bat (D:1)
  2 giant newts (D:3)
  2 hobgoblin zombies (Ossuary)
  7 kobold zombies (Ossuary)
  2 orc zombies (Ossuary)
  A quokka zombie (D:5)
  4 rats
  2 rat zombies (D:5)
  3 plants (D:10)
295 creatures vanquished.

Vanquished Creatures (collateral kills)
  Fannar (D:10)
  The ghost of pedritolo the Nimble, a novice SpEn of Ashenzari (Orc:4)
  Maurice (D:10)
  An orc warrior (D:10)
  4 orcs (Orc:4)
8 creatures vanquished.

Vanquished Creatures (others)
  A jelly (D:10)
1 creature vanquished.

Grand Total: 304 creatures vanquished

Action                   |  1- 3 |  4- 6 |  7- 9 | 10-12 || total
-------------------------+-------+-------+-------+-------++-------
Melee: Hand axe          |    82 |   342 |   383 |   300 ||  1107
       War axe           |       |       |       |    88 ||    88
       Battleaxe         |       |       |       |    40 ||    40
Invok: Berserk           |     3 |     2 |    10 |    11 ||    26
       Trog's Hand       |     2 |     1 |     3 |     3 ||     9
       Brothers in Arms  |       |       |       |     4 ||     4
       Burn Spellbooks   |       |       |       |     1 ||     1
Evoke: Wand              |       |       |     6 |     2 ||     8
       Sack of spiders   |       |       |       |     2 ||     2
  Use: Potion            |       |     2 |     2 |       ||     4
       Scroll            |       |       |     8 |       ||     8
  Eat: Chunk             |     2 |     2 |    13 |    18 ||    35
       Bread ration      |       |     1 |       |     1 ||     2
       Beef jerky        |       |       |     2 |       ||     2
       Fruit             |       |       |     1 |     2 ||     3

Vault maps used:
D:1:      scummos_arrival_simple_crosswalls
D:2:      lemuel_doored_altar
D:3:      lemuel_coloured_pillars_altar, lightli_temple_of_fire,
          amethyst_overflow_temple_binary
D:4:      minmay_temple_entry_glass, first_bread
D:5:      enter_ossuary_3, serial_shops, shop_statue
D:6:      okawaru_trees_1, serial_bayou_pond_a, uniq_eustachio
D:7:      nicolae_overflow_hidden_temple, kennysheep_mini, serial_glass,
          glass_columns_b, glass_columns_b, glass_columns_a, glass_columns_a,
          glass_columns_a, glass_columns_b, serial_shops,
          nicolae_shop_temple_entry_statues_fountains, cheibrodos_worm_habitat
D:8:      gammafunk_temple_overflow_elements, serial_shops,
          nicolae_shop_behind_doors, kennysheep_donut, the_bakery
D:9:      fiery_altar_vehumet
D:10:     dpeg_oklobed_lair, hiddenorc2_lemuel, serial_gnoll_camp, grums_kennel,
          gnoll_camp_mini_house, gnoll_camp_mini_loothouse,
          gnoll_camp_mini_shop, gnoll_camp_mini_doghouse, uniq_fannar,
          uniq_erolcha, uniq_maurice
D:12:     corexii_leaking_fountain, lemuel_freeze_loot_1, uniq_snorg
Orc:1:    basic_altar, nicolae_orc_damp_corner, david_defended_altar_orc
Orc:2:    basic_altar
Orc:3:    orc_temple, nicolae_orc_pool_cavern
Orc:4:    st_orc_open
Ossuary:  ossuary_tomb_2
